 Dungeon Crawl Stone Soup version 0.22.1-1-ga44c0e56f4 (webtiles) character file.

408 Jannitor the Ruffian (level 6, -2/52 HPs)
             Began as a Hill Orc Transmuter on Nov 2, 2018.
             Slain by a centaur (6 damage)
             ... on level 5 of the Dungeon.
             The game lasted 00:07:06 (5683 turns).

Jannitor the Ruffian (Hill Orc Transmuter)          Turns: 5683, Time: 00:07:06

Health: -2/52      AC:  7    Str:  8    XL:     6   Next: 88%
Magic:  7/8        EV: 10    Int: 15    God:
Gold:   206        SH:  0    Dex: 11    Spells: 5/8 levels left

rFire    . . .     SeeInvis .     - Unarmed
rCold    . . .     Gourm    .   (no shield)
rNeg     + . .     Faith    .   c - +0 ring mail
rPois    .         Spirit   .   (no helmet)
rElec    .         Reflect  .   (no cloak)
rCorr    .         Harm     .   l - +0 pair of gloves
MR       .....                  e - +0 pair of boots
Stlth    +.........             (no amulet)
HPRegen  0.17/turn              g - ring of positive energy
MPRegen  0.11/turn              i - -5 ring of strength (curse)

@: appendage (expiring), flying, very slightly contaminated, invisible
A: horns 2
a: End Transformation


You were on level 5 of the Dungeon.
You were near starving.
You had grown temporary horns.
You visited 1 branch of the dungeon, and saw 5 of its levels.

You collected 206 gold pieces.

Inventory:

Missiles
 a - 87 arrows
 n - 2 throwing nets (quivered)
Armour
 b - a +0 robe
 c - a +0 ring mail (worn)
 e - a +0 pair of boots (worn)
 l - a +0 pair of gloves (worn)
Jewellery
 g - a ring of positive energy (left hand)
 h - a +4 ring of dexterity {unknown}
 i - a cursed -5 ring of strength (right hand)
Wands
 o - a wand of iceblast (15)
Scrolls
 f - 2 scrolls of fear
 k - 4 scrolls of identify
Potions
 p - a potion of flight
Comestibles
 d - 7 rations


   Skills:
 + Level 4.1 Fighting
 - Level 1.5 Dodging
 * Level 6.3 Unarmed Combat
 - Level 1.5 Spellcasting
 + Level 2.9 Transmutations


You had 5 spell levels left.
You knew the following spells:

 Your Spells              Type           Power        Failure   Level  Hunger
a - Beastly Appendage     Tmut           #.....       22%         1    ##.....
b - Sticks to Snakes      Tmut           #.......     32%         2    ###....

Your spell library contained the following spells:

 Spells                   Type           Power        Failure   Level  Hunger
 Spider Form              Tmut/Pois      #.........   75%         3    ####...
 Ice Form                 Ice/Tmut       #.......     98%         4    #####..
 Blade Hands              Tmut           #.........   99%         5    ######.


Dungeon Overview and Level Annotations

Branches:
Dungeon (5/15)
 Temple: D:4-7

Altars:
Makhleb
Wu Jian
Zin


Innate Abilities, Weirdness & Mutations

You have a pair of horns on your head.


Message History

Your ball python dies!
The centaur shouts!
You completely miss the centaur.
You headbutt the centaur, but do no damage.
The centaur is severely wounded.
The howler monkey misses you.
Unknown command.
The howler monkey hits you but does no damage.
The centaur wields a shortbow.
The centaur shoots an arrow.
The arrow hits you!
* * * LOW HITPOINT WARNING * * *
The howler monkey barely misses you.
Things that are here:
a shortbow; 10 arrows The centaur shoots an arrow.
The arrow hits you.
* * * LOW HITPOINT WARNING * * *
The howler monkey barely misses you.
You see here an arrow.
The centaur unwields an uncursed shortbow.
The centaur hits you.
You die...

.#[#########.#####
.#>..........#....
.............#...#
######...........#
##).....#.#.#
#..###.#.#.# #
##(###.#.#.##.#
#.......)(c...#
#...##.#h#@####
#.#.##.#.#.......#
#.#......#########
#.#..#.###
#.#..#.# #.#....#
#.#..# . ...


You could see a centaur.

Vanquished Creatures
  A centaur (D:5)
  4 hounds (D:4)
  2 worker ants (D:4)
  3 adders
  5 oozes
  2 worms
  2 dart slugs (D:1)
  2 leopard geckos
  A ball python (D:3)
  4 bats
  5 giant cockroaches
  5 hobgoblins
  5 jackals
  6 kobolds
  A quokka (D:2)
  6 frilled lizards
  7 goblins
  A leopard gecko skeleton (D:4)
  6 rats
68 creatures vanquished.

Vanquished Creatures (collateral kills)
  A howler monkey (D:4)
  3 adders
  A leopard gecko (D:4)
  A bat (D:2)
  2 giant cockroaches
  A goblin (D:2)
9 creatures vanquished.

Grand Total: 77 creatures vanquished

Notes
Turn   | Place    | Note
-------+----------+-------------------------------------------
     0 | D:1      | Jannitor the Hill Orc Transmuter began the quest for the
                  | Orb.
     0 | D:1      | Reached XP level 1. HP: 16/16 MP: 3/3
     1 | D:1      | Found a runed door.
   435 | D:1      | Reached XP level 2. HP: 23/23 MP: 4/4
   904 | D:1      | Learned a level 2 spell: Sticks to Snakes
  1249 | D:2      | Reached skill level 4 in Unarmed Combat
  1249 | D:2      | Reached XP level 3. HP: 11/29 MP: 1/5
  2145 | D:2      | Reached XP level 4. HP: 37/37 MP: 2/6
  3539 | D:3      | Reached XP level 5. HP: 42/44 MP: 2/7
  3728 | D:3      | Reached skill level 5 in Unarmed Combat
  4238 | D:4      | Found an ornate altar of the Wu Jian Council.
  4238 | D:4      | Found a burning altar of Makhleb.
  4238 | D:4      | Found a glowing silver altar of Zin.
  4272 | D:4      | Reached XP level 6. HP: 39/51 MP: 6/8
  4881 | D:4      | Reached skill level 6 in Unarmed Combat
  5355 | D:5      | Entered Level 5 of the Dungeon
  5683 | D:5      | Slain by a centaur

Skill      XL: |  1  2  3  4  5  6 |
---------------+-------------------+-----
Fighting       | 2 3 4 |  4.1
Unarmed Combat | 4 5 6 |  6.3
Transmutations | 2 |  2.9
Dodging        | |  1.5
Spellcasting   | |  1.5

Action                   |  1- 3 |  4- 6 || total
-------------------------+-------+-------++-------
Melee: Unarmed           |   109 |   259 ||   368
       Headbutt          |     5 |    11 ||    16
       Punch             |     1 |     1 ||     2
 Cast: Beastly Appendage |    11 |     9 ||    20
       Sticks to Snakes  |     8 |     9 ||    17
  Use: Scroll            |       |     3 ||     3
       Potion            |       |     3 ||     3
 Stab: Distracted        |     1 |     3 ||     4
       Sleeping          |       |     1 ||     1
       Invisible         |       |     1 ||     1
  Eat: Chunk             |     5 |    11 ||    16
Armor: Robe              |    22 |     1 ||    23
       Ring mail         |       |   121 ||   121
Dodge: Dodged            |    62 |   164 ||   226
